 Dungeon Crawl Stone Soup version 0.27.0-1-g7a089689b8 (webtiles) character file.

Game seed: 11455053035516745834

254 Crownlay the Cleaver (level 6, -1/52 HPs)
             Began as a Hill Orc Fighter on Aug 16, 2021.
             Slain by Natasha (2 damage)
             ... on level 3 of the Dungeon.
             The game lasted 00:02:52 (2647 turns).

Crownlay the Cleaver (Hill Orc Fighter)             Turns: 2647, Time: 00:02:54

Health: -1/52      AC:  8    Str: 21    XL:     6   Next: 14%
Magic:  6/6        EV:  7    Int:  8    God:
Gold:   108        SH:  9    Dex: 10    Spells: 5/5 levels left

rFire    . . .     SeeInvis .   a - +0 war axe
rCold    . . .     Faith    .   c - +0 kite shield
rNeg     . . .     Spirit   .   b - +0 scale mail
rPois    .         Reflect  .   k - +0 helmet
rElec    .         Harm     .   (no cloak)
rCorr    .         Rampage  .   (no gloves)
Will     .....                  (no boots)
Stlth    ..........             (no amulet)
HPRegen  0.17/turn              (no ring)
MPRegen  0.10/turn              (no ring)

@: no status effects
A: no striking features
a: no special abilities


You were on level 3 of the Dungeon.
You visited 1 branch of the dungeon, and saw 3 of its levels.

You collected 108 gold pieces.

Inventory:

Hand Weapons
 a - a +0 war axe (weapon)
Armour
 b - a +0 scale mail (worn)
 c - a +0 kite shield (worn)
 k - a +0 helmet (worn)
Jewellery
 m - an amulet of reflection
Scrolls
 f - 3 scrolls of vulnerability {unknown}
 i - a scroll of teleportation {unknown}
 j - 2 scrolls of noise {unknown}
 l - a scroll of identify {unknown}
 n - a scroll of acquirement {unknown}
 o - a scroll of amnesia {unknown}
Potions
 d - a potion of might
 e - a potion of curing {unknown}
 g - a potion of heal wounds {unknown}
 h - a potion of lignification {unknown}


   Skills:
 - Level 3.6 Fighting
 + Level 8.2 Axes
 - Level 3.3 Armour
 - Level 3.3 Shields


You had 5 spell levels left.
You didn't know any spells.
Your spell library contained the following spells:

 Spells                   Type           Power      Damage    Failure   Level
 Slow                     Hex            0%         N/A       100%        2
 Static Discharge         Conj/Air       0%         N/A       100%        2
 Confusing Touch          Hex            0%         N/A       100%        3
 Dispel Undead            Necr           0%         3d6       100%        4
 Sticky Flame             Conj/Fire      0%         2d3       100%        4
 Yara's Violent Unravell  Hex/Tmut       0%         3d3       100%        5


Dungeon Overview and Level Annotations

Branches:
Dungeon (3/15)

Altars:

Annotations:
D:3 Natasha


Message History

Your shield prevents you from hitting the iron imp.
You hit Natasha. Natasha claws you. The white imp hits you.
The white imp freezes you.
The iron imp hits you but does no damage.
You are too injured to fight recklessly!
You are too injured to fight recklessly!
You are too injured to fight recklessly!
You are too injured to fight recklessly!
You are too injured to fight recklessly!
You closely miss Natasha.
Natasha is lightly wounded.
You closely miss the white imp. You hit the iron imp.
Natasha barely misses you. The white imp gestures at you.
You block the puff of frost.
You closely miss Natasha.
Natasha is lightly wounded.
You barely miss the iron imp. You closely miss the white imp.
The white imp shouts, "Remove thy stench, thou feckless pigeon-egg mammet!"
Natasha claws you.
* * * LOW HITPOINT WARNING * * *
The white imp gestures at you. The puff of frost misses you.
The iron imp hits you.
* * * LOW HITPOINT WARNING * * *
Natasha claws you but does no damage.
You closely miss Natasha.
Natasha is lightly wounded.
You closely miss the white imp. You hit the iron imp.
You block the iron imp's attack. Natasha claws you but does no damage.
The white imp gestures at you. The puff of frost misses you.
The iron imp hits you!
* * * LOW HITPOINT WARNING * * *
You hit Natasha but do no damage.
Natasha is lightly wounded.
You hit the iron imp but do no damage. You hit the white imp but do no damage.
Your shield and scale mail prevent you from hitting the white imp.
The white imp barely misses you.
Natasha extends her claws.
Natasha claws you.
You die...

#.# #...#....)|....##### #. #.#
#...#..........#...# ##.#### #.#
#...#..........#...# ......# #.#
#...'..............# ......# #.#
#...#............... ......+ #.#
#>###.#######...#'##
......####.###'###.#######...#.##
...............5.#.##....#...#...
.†..##.####.<..h@#.##.##.#...#.##
..>.......+....55.......)....'...
....##.####........#..)..#...####
.......# #######.....####...#
..#################..## ##### #
......#...........#..# #
......#...........#..# #
......#...........#..# #
......#...........#..# #


You could see an iron imp (summoned), Natasha and 2 white imps.

Vanquished Creatures
  An orc priest (D:3)
  Natasha (twice) (D:3)
  Terence (D:2)
  An orc wizard (D:3)
  Robin (D:2)
  3 adders
  A worm (D:2)
  A dart slug (D:1)
  3 orcs (D:3)
  5 endoplasms
  3 giant cockroaches
  11 goblins
  5 hobgoblins
  10 jackals
  4 kobolds
  4 quokkas
  8 ball pythons
  7 bats
  5 rats
76 creatures vanquished.

Notes
Turn   | Place    | Note
-------+----------+-------------------------------------------
     0 | D:1      | Crownlay the Hill Orc Fighter began the quest for the Orb.
     0 | D:1      | Reached XP level 1. HP: 19/19 MP: 1/1
    70 | D:1      | Reached skill level 3 in Axes
   114 | D:1      | Reached XP level 2. HP: 27/27 MP: 2/2
   209 | D:1      | Reached skill level 4 in Axes
   341 | D:1      | Reached XP level 3. HP: 28/33 MP: 3/3
   941 | D:2      | Reached skill level 5 in Axes
  1202 | D:2      | Found a faded altar of an unknown god.
  1249 | D:2      | Reached XP level 4. HP: 23/40 MP: 4/4
  1661 | D:2      | Noticed Robin
  1673 | D:2      | Killed Robin
  1674 | D:2      | Reached skill level 6 in Axes
  2023 | D:3      | Noticed Terence
  2039 | D:2      | Killed Terence
  2040 | D:2      | Reached XP level 5. HP: 45/46 MP: 5/5
  2150 | D:3      | Reached skill level 7 in Axes
  2326 | D:3      | Noticed Natasha
  2334 | D:3      | Killed Natasha
  2348 | D:3      | Noticed Natasha
  2353 | D:3      | Killed Natasha
  2354 | D:3      | Reached skill level 8 in Axes
  2354 | D:3      | Reached XP level 6. HP: 52/52 MP: 6/6
  2634 | D:3      | Noticed Natasha
  2646 | D:3      | HP: 1/52 [iron imp[Natasha] (7)]
  2647 | D:3      | Slain by Natasha

Illustrated notes

Levels and vault maps discovered:
D:1:      doesnt_arrival_eight_statues, layout_loops_ring, minmay_misc_feat_room
D:2:      layout_basic, shapermc_ecumenical_altar_ellora,
          minmay_split_cup_small, uniq_robin
D:3:      layout_basic, minmay_misc_feat_alley, nrook_uturn, uniq_terence,
          uniq_natasha

Skill      XL: |  1  2  3  4  5 |
---------------+----------------+-----
Axes           | 3 4 5 6 8 |  8.2
Fighting       | |  3.6
Armour         | |  3.3
Shields        | |  3.3

Action                   |  1- 3 |  4- 6 || total
-------------------------+-------+-------++-------
Melee: War axe           |   126 |    94 ||   220
Armor: Scale mail        |    76 |    41 ||   117
Dodge: Dodged            |    44 |    25 ||    69
Block: Kite shield       |    69 |    45 ||   114
